cohdb
Replays
Latest Replays
All Replays
Popular Replays
Top Player Replays
Match Explorer
How It Works
Community
CoH3 Stats
Reddit
Sign in to upload your games and track your stats! →
Sign in with Steam
Match 47279919
Unlisted
Match 47279919
Overview
Messages
Build Orders
End
Construct Section Command Post
Selects Indian Artillery Battlegroup
Dingo Light Scout Car
Infantry Section
Infantry Section
Infantry Section
Construct Field Infirmary
Selects War Cry
Grenade Package
Construct Platoon Command Post
Infantry Section
Selects Gurkha Rifles Section
Gurkha Rifles Section
Infantry Training
Selects Artillery Saturation
Humber Armored Car
War Cry
Selects Off-map Airburst Barrage
Construct Company Command Post
Gurkha Rifles Section
Selects BL5.5 Artillery Emplacement
Matilda II Heavy Tank
Selects Pillage
Royal Engineer Section
Off-map Airburst Barrage
Foot Guards Section
Off-map Airburst Barrage
6-pounder Anti-tank Gun Team
Квадрат-Двери
Mr Smiles123
CZWXD
FarbKanne
Torches ® Dogs
FLOKL
0
0
Comments
sign in to comment!
No comments posted yet!